 Dungeon Crawl Stone Soup version 0.26.0-5-gb5863c6483 (webtiles) character file.

Game seed: 129874114554931713

366 Acheron the Chopper (level 6, 0/51 (52) HPs)
             Began as a Draconian Berserker on Jan 10, 2021.
             Was a Believer of Trog.
             Slain by a white imp (4 damage)
             ... on level 5 of the Dungeon.
             The game lasted 00:15:12 (4340 turns).

Acheron the Chopper (Draconian Berserker)           Turns: 4340, Time: 00:15:14

HP:   0/51 (52)     AC:  6    Str: 20    XL:     6   Next: 40%
MP:   6/6           EV: 13    Int:  8    God:    Trog [**....]
Gold: 226           SH:  0    Dex: 11    Spells: 5/5 levels left

rFire    . . .     SeeInvis +   w - +0 war axe
rCold    . . .     Faith    .   (no shield)
rNeg     . . .     Spirit   .   (armour unavailable)
rPois    .         Reflect  .   (helmet restricted)
rElec    .         Harm     .   (no cloak)
rCorr    .         Rampage  .   (no gloves)
Will     .....                  (no boots)
Stlth    ++........             (no amulet)
HPRegen  0.17/turn              g - ring of see invisible
MPRegen  0.10/turn              (no ring)

@: slowed, lightly drained, very slow
A: unfitting armour, cold-blooded, AC +6
a: Renounce Religion, Berserk, Trog's Hand


You were on level 5 of the Dungeon.
You worshipped Trog.
Trog was pleased with you.
You visited 2 branches of the dungeon, and saw 6 of its levels.

You collected 226 gold pieces.

Inventory:

Hand Weapons
 a - a +0 hand axe
 i - a +0 rapier
 w - a +0 war axe (weapon)
Missiles
 e - 43 stones (quivered)
 n - 7 poisoned darts
Jewellery
 b - an uncursed ring of ice
 g - a ring of see invisible (left hand)
Wands
 l - a wand of paralysis (10)
 m - a wand of acid (8)
Scrolls
 d - 2 scrolls of random uselessness {unknown}
 f - a scroll of amnesia {unknown}
 j - a scroll of fog {unknown}
 k - 3 scrolls of teleportation
 p - a scroll of enchant armour
 q - a scroll of remove curse
 r - 3 scrolls of identify
Potions
 c - 2 potions of heal wounds
 h - a potion of attraction
 o - a potion of mutation {unknown}


   Skills:
 * Level 4.3 Fighting
 * Level 4.9 Axes
 * Level 0.6 Throwing
 * Level 4.2 Dodging
 * Level 1.9 Stealth
 * Level 1.0 Evocations


You had 5 spell levels left.
You didn't know any spells.
Your spell library was empty.

Dungeon Overview and Level Annotations

Branches:
Dungeon (5/15)             Temple (1/1) D:5

Altars:
Sif Muna
Wu Jian

Annotations:
D:2 Natasha


Innate Abilities, Weirdness & Mutations

Your plain brown scales are hard. (AC +6)
You cannot fit into any form of body armour.
You are cold-blooded and may be slowed by cold attacks.


Message History

You tail-slap the white imp, but do no damage.
The white imp closely misses you.
The white imp hits you but does no damage.
You hit the white imp.
The white imp is moderately wounded.
The white imp barely misses you.
The centaur wields a +0 shortbow.
The centaur shoots an arrow.
The arrow hits you!
* * * LOW HITPOINT WARNING * * *
The white imp hits you.
* * * LOW HITPOINT WARNING * * *
The white imp freezes you.
* * * LOW HITPOINT WARNING * * *
Evoke which item? (* to show all) (? for menu, Esc to quit)
Aiming: Paralyse
Press: ? - help, Shift-Dir - straight line, f - centaur
Aim: a centaur, wielding a +0 shortbow and quivering 7 arrows (chance to affect: 49%)
The centaur suddenly stops moving!
The white imp hits you.
* * * LOW HITPOINT WARNING * * *
The white imp freezes you.
You feel yourself slow down.
You die...

...........####
..............#
....##......###
..........###
....##c..# #
.....c...## ..#
..##.c....###....
......##5.......
#.......@.....###
##.......##...#
.......### ..##
....... ..# ##...
.# ##.. ## .# ..


You could see a centaur (paralysed) and a white imp.

Vanquished Creatures
  An ogre (D:4)
  A necrophage (D:5)
  2 orc wizards (D:2)
  Jessica (D:2)
  A worker ant (D:3)
  An adder (D:3)
  2 oozes (D:2)
  2 worms (D:2)
  3 dart slugs
  A leopard gecko (D:3)
  6 orcs
  2 giant cockroaches
  10 goblins
  8 hobgoblins
  3 jackals (D:2)
  8 bats
  3 frilled lizards
  3 kobolds
  5 rats
63 creatures vanquished.

Notes
Turn   | Place    | Note
-------+----------+-------------------------------------------
     0 | D:1      | Acheron the Draconian Berserker began the quest for the
                  | Orb.
     0 | D:1      | Reached XP level 1. HP: 19/19 MP: 1/1
   430 | D:1      | Reached XP level 2. HP: 25/26 MP: 2/2
  1078 | D:2      | Noticed Jessica
  1099 | D:2      | Killed Jessica
  1100 | D:2      | Reached XP level 3. HP: 30/33 MP: 3/3
  1255 | D:1      | Reached skill level 1 in Stealth
  1569 | D:2      | Reached XP level 4. HP: 28/40 MP: 4/4
  2071 | D:2      | Reached ** piety under Trog
  2076 | D:2      | Reached XP level 5. HP: 39/46 MP: 5/5
  2228 | D:2      | Found a shimmering blue altar of Sif Muna.
  2439 | D:2      | Noticed Natasha
  3264 | D:3      | Found an ornate altar of the Wu Jian Council.
  3785 | D:4      | Noticed an ogre
  3799 | D:4      | Killed an ogre
  3800 | D:4      | Reached XP level 6. HP: 24/52 MP: 6/6
  4154 | D:5      | Entered Level 5 of the Dungeon
  4160 | D:5      | Found a staircase to the Ecumenical Temple.
  4173 | Temple   | Entered the Ecumenical Temple
  4199 | D:5      | Reached skill level 1 in Evocations
  4340 | D:5      | Slain by a white imp

Illustrated notes

Levels and vault maps discovered:
D:1:      tarquinn_simple_flora_water_f, layout_loops_corners, serial_forest,
          infiniplex_forest_diagonal, infiniplex_forest_end_3,
          infiniplex_forest_clump_small, infiniplex_forest_straight_3,
          infiniplex_forest_lined_4_way, infiniplex_forest_pool,
          infiniplex_forest_lined_corner, infiniplex_forest_end_2
D:2:      cheibrodos_greedy_goblins, layout_loops_ring, lemuel_blue_sif_altar,
          serial_co_window_serial, co_window_paths_b,
          co_window_of_opportunity_a, co_window_corner_a, co_window_corner_a,
          co_window_corner_a, co_window_corner_a, co_window_paths_a,
          co_window_paths_b, co_window_paths_a, co_window_2corner,
          co_window_broadway_c, co_window_of_opportunity_b,
          co_window_of_opportunity_b, co_window_2corner, co_window_paths_d,
          glass_columns_a, glass_columns_a, glass_columns_a, uniq_natasha,
          uniq_jessica
D:3:      layout_loops_ring, nzn_wu_jian_council_hall
D:4:      layout_loops_ring, yredelemnul_forgotten_temple_becter,
          nicolae_ashenzari_panopticon,
          chequers_temple_overflow_statue_of_worship, hangedman_decor_growths
D:5:      layout_cave_pools, kennysheep_mini_moat, minmay_temple_entry_offerings
Temple:   jpeg_temple_alley_garden

Skill      XL: |  1  2  3  4  5  6 |
---------------+-------------------+-----
Dodging        | 3 4 |  4.2
Stealth        | 1 |  1.9
Axes           | 4 |  4.9
Fighting       | 4 |  4.3
Evocations     | 1 |  1.0
Throwing       | |  0.6

Action                   |  1- 3 |  4- 6 || total
-------------------------+-------+-------++-------
Melee: Hand axe          |    60 |   113 ||   173
       Tailslap          |     7 |    24 ||    31
       War axe           |       |    25 ||    25
Throw: Dart              |       |     6 ||     6
       Stone             |       |     3 ||     3
Evoke: Wand              |       |     1 ||     1
  Use: Scroll            |     5 |     2 ||     7
 Stab: Sleeping          |       |     2 ||     2
Armor: Skin              |    19 |    38 ||    57
Dodge: Dodged            |    52 |    90 ||   142
